3191 views
Uploaded 2020-06-04 14:11:42
Game version 1.32.6 / 1.32.7
22:19 long 2on2 ladder game on (6)GnollWood
Saved by Redwood
3191 views
Uploaded 2020-06-04 14:11:42
Game version 1.32.6 / 1.32.7
22:19 long 2on2 ladder game on (6)GnollWood


65 units @ 10.6k
/ 1.8k
32 buildings @ 5.5k
/ 1.8k



| Rod of Necromancy | 2 | 300 |
| Sacrificial Skull | 1 | 50 |
| Orb of Corruption | 1 | 375 |
| Potion of Healing | 1 | 150 |
| Scroll of Town Portal | 4 | 1400 |
| total: | 9 | 2275g |
| Acolyte | 5 | 375 | / | 0 |
| Ghoul | 3 | 360 | / | 0 |
| Crypt Fiend | 8 | 1720 | / | 320 |
| Obsidian Statue | 1 | 200 | / | 35 |
| Banshee | 10 | 1550 | / | 300 |
| Abomination | 4 | 960 | / | 280 |
| total: | 31 | 5165g | / | 935w |
| Nerubian Tower | 1 | 100 | / | 20 |
| Crypt | 1 | 200 | / | 50 |
| Graveyard | 1 | 215 | / | 0 |
| Altar of Darkness | 1 | 180 | / | 50 |
| Ziggurat | 7 | 1050 | / | 350 |
| Tomb of Relics | 1 | 130 | / | 30 |
| Necropolis | 2 | 450 | / | 0 |
| Temple of the Damned | 1 | 155 | / | 140 |
| Slaughterhouse | 2 | 280 | / | 270 |
| Halls of the Dead | 1 | 320 | / | 210 |
| Black Citadel | 1 | 325 | / | 230 |
| Great Hall | 1 | 385 | / | 185 |
| total: | 17 | 3045g | / | 1075w |
| 0:05 | Crypt |
| 0:10 | Graveyard |
| 0:13 | Acolyte |
| 0:17 | Acolyte |
| 0:44 | Altar of Darkness |
| 1:04 | Ziggurat |
| 1:11 | Ghoul |
| 1:30 | Tomb of Relics |
| 1:59 | Crypt Fiend |
| 2:02 | Ziggurat |
| 2:23 | Crypt Fiend |
| 2:55 | Rod of Necromancy |
| 2:57 | Sacrificial Skull |
| 3:03 | Death Coil |
| 3:04 | Crypt Fiend |
| 3:25 | Acolyte |
| 3:39 | Ghoul |
| 3:39 | Ghoul |
| 4:03 | Ziggurat |
| 4:33 | Necropolis |
| 4:53 | Halls of the Dead |
| 5:01 | Crypt Fiend |
| 5:04 | Ziggurat |
| 5:13 | Unholy Aura |
| 5:36 | Creature Attack |
| 5:52 | Nerubian Tower |
| 6:14 | Crypt Fiend |
| 6:59 | Death Coil |
| 7:16 | Web |
| 7:34 | Temple of the Damned |
| 7:37 | Slaughterhouse |
| 7:48 | Black Citadel |
| 8:07 | Ziggurat |
| 8:18 | Rod of Necromancy |
| 8:52 | Burrow |
| 9:03 | Frost Nova |
| 9:25 | Crypt Fiend |
| 9:26 | Obsidian Statue |
| 9:28 | Banshee Adept Training |
| 9:37 | Banshee |
| 9:58 | Scroll of Town Portal |
| 10:18 | Orb of Corruption |
| 10:28 | Banshee Master Training |
| 11:08 | Banshee |
| 11:11 | Scroll of Town Portal |
| 11:28 | Banshee |
| 11:30 | Crypt Fiend |
| 11:45 | Unholy Aura |
| 12:12 | Banshee |
| 12:12 | Banshee |
| 12:17 | Dark Ritual |
| 12:36 | Acolyte |
| 12:41 | Ziggurat |
| 13:48 | Crypt Fiend |
| 14:23 | Banshee |
| 14:27 | Scroll of Town Portal |
| 14:28 | Potion of Healing |
| 14:37 | Ziggurat |
| 14:38 | Slaughterhouse |
| 15:30 | Silence |
| 15:48 | Abomination |
| 15:52 | Unholy Armor |
| 16:33 | Abomination |
| 17:27 | Disease Cloud |
| 17:51 | Frost Nova |
| 18:05 | Banshee |
| 18:08 | Abomination |
| 18:10 | Acolyte |
| 18:48 | Scroll of Town Portal |
| 19:41 | Life Drain |
| 20:22 | Great Hall |
| 20:53 | Necropolis |
| 21:27 | Abomination |
| 21:45 | Death Coil |
| 22:14 | Banshee |
| 22:14 | Banshee |
| 22:14 | Banshee |
| Select group | 1634 |
| Right click | 805 |
| Select | 358 |
| Chat | 200 |
| Misc. action | 188 |
| Build/train/purchase | 97 |
| Use ability | 88 |
| Assign group | 62 |
| Esc | 6 |
| Minimap ping | 6 |
| Item give/drop | 3 |



| Rod of Necromancy | 2 | 300 |
| Orb of Corruption | 1 | 375 |
| Scroll of Town Portal | 3 | 1050 |
| Scroll of Healing | 1 | 250 |
| Potion of Lesser Invulnerability | 2 | 300 |
| total: | 9 | 2275g |
| Acolyte | 11 | 825 | / | 0 |
| Ghoul | 2 | 240 | / | 0 |
| Crypt Fiend | 10 | 2150 | / | 400 |
| Obsidian Statue | 10 | 2000 | / | 350 |
| Abomination | 1 | 240 | / | 70 |
| total: | 34 | 5455g | / | 820w |
| Nerubian Tower | 1 | 100 | / | 20 |
| Graveyard | 1 | 215 | / | 0 |
| Crypt | 1 | 200 | / | 50 |
| Altar of Darkness | 1 | 180 | / | 50 |
| Ziggurat | 9 | 1350 | / | 450 |
| Tomb of Relics | 1 | 130 | / | 30 |
| Necropolis | 1 | 225 | / | 0 |
| Slaughterhouse | 1 | 140 | / | 135 |
| Halls of the Dead | 1 | 320 | / | 210 |
| Black Citadel | 1 | 325 | / | 230 |
| total: | 15 | 2440g | / | 715w |
| 0:02 | Acolyte |
| 0:03 | Graveyard |
| 0:05 | Crypt |
| 0:17 | Acolyte |
| 0:40 | Altar of Darkness |
| 0:56 | Ziggurat |
| 1:09 | Ghoul |
| 1:40 | Tomb of Relics |
| 1:47 | Crypt Fiend |
| 2:01 | Ziggurat |
| 2:20 | Crypt Fiend |
| 2:45 | Rod of Necromancy |
| 2:58 | Crypt Fiend |
| 3:01 | Death Coil |
| 3:35 | Halls of the Dead |
| 4:00 | Ghoul |
| 4:02 | Ziggurat |
| 4:20 | Crypt Fiend |
| 5:05 | Crypt Fiend |
| 5:18 | Unholy Aura |
| 6:02 | Slaughterhouse |
| 6:38 | Black Citadel |
| 6:58 | Rod of Necromancy |
| 7:00 | Frost Nova |
| 7:08 | Obsidian Statue |
| 7:09 | Ziggurat |
| 7:15 | Death Coil |
| 7:28 | Burrow |
| 7:48 | Creature Attack |
| 8:05 | Obsidian Statue |
| 8:06 | Crypt Fiend |
| 8:48 | Dark Ritual |
| 9:38 | Orb of Corruption |
| 9:41 | Scroll of Town Portal |
| 9:51 | Destroyer Form |
| 10:31 | Impale |
| 10:32 | Obsidian Statue |
| 10:48 | Crypt Fiend |
| 10:51 | Ziggurat |
| 11:14 | Frost Nova |
| 12:13 | Acolyte |
| 12:35 | Obsidian Statue |
| 13:18 | Ziggurat |
| 13:19 | Improved Creature Attack |
| 13:40 | Necropolis |
| 14:40 | Obsidian Statue |
| 14:42 | Scroll of Town Portal |
| 15:02 | Creature Carapace |
| 15:14 | Acolyte |
| 15:33 | Obsidian Statue |
| 15:57 | Scroll of Healing |
| 16:08 | Potion of Lesser Invulnerability |
| 17:00 | Unholy Aura |
| 17:25 | Dark Ritual |
| 17:49 | Crypt Fiend |
| 17:50 | Abomination |
| 17:50 | Obsidian Statue |
| 17:51 | Acolyte |
| 17:52 | Acolyte |
| 18:01 | Spiked Carapace |
| 18:12 | Obsidian Statue |
| 18:17 | Acolyte |
| 18:27 | Ziggurat |
| 18:41 | Crypt Fiend |
| 18:54 | Acolyte |
| 18:54 | Acolyte |
| 19:04 | Acolyte |
| 19:17 | Acolyte |
| 19:29 | Ziggurat |
| 19:42 | Scroll of Town Portal |
| 19:46 | Potion of Lesser Invulnerability |
| 20:03 | Improved Creature Carapace |
| 20:40 | Nerubian Tower |
| 20:40 | Ziggurat |
| 20:51 | Obsidian Statue |
| 22:03 | Crypt Fiend |
| 22:03 | Obsidian Statue |
| 22:05 | Impale |
| Select group | 2632 |
| Right click | 1514 |
| Select | 493 |
| Chat | 309 |
| Misc. action | 155 |
| Build/train/purchase | 110 |
| Use ability | 105 |
| Assign group | 55 |
| Minimap ping | 7 |
| Item give/drop | 5 |
| Remove unit | 3 |
| Esc | 1 |
95 units @ 13.7k
/ 1.6k
29 buildings @ 4.1k
/ 1.6k


| Healing Salve | 5 | 500 |
| Lesser Clarity Potion | 4 | 280 |
| Scroll of Speed | 3 | 150 |
| Potion of Healing | 3 | 450 |
| Potion of Mana | 1 | 200 |
| Orb of Lightning | 1 | 375 |
| Scroll of Healing | 2 | 500 |
| Scroll of Town Portal | 2 | 700 |
| Potion of Lesser Invulnerability | 3 | 450 |
| Scroll of Protection | 3 | 450 |
| total: | 27 | 4055g |
| Peon | 10 | 750 | / | 0 |
| Troll Headhunter | 10 | 1400 | / | 200 |
| Raider | 3 | 540 | / | 120 |
| Troll Berserker | 7 | 980 | / | 140 |
| Troll Batrider | 3 | 480 | / | 120 |
| Tauren | 1 | 280 | / | 80 |
| total: | 34 | 4430g | / | 660w |
| Watch Tower | 1 | 110 | / | 80 |
| Altar of Storms | 1 | 180 | / | 50 |
| Orc Burrow | 4 | 640 | / | 160 |
| War Mill | 1 | 205 | / | 0 |
| Barracks | 1 | 180 | / | 50 |
| Voodoo Lounge | 1 | 130 | / | 30 |
| Great Hall | 1 | 385 | / | 185 |
| Beastiary | 1 | 145 | / | 140 |
| Tauren Totem | 1 | 135 | / | 155 |
| Stronghold | 1 | 315 | / | 190 |
| Fortress | 1 | 325 | / | 190 |
| total: | 12 | 2110g | / | 850w |
| 0:02 | Peon |
| 0:03 | Peon |
| 0:06 | Altar of Storms |
| 0:15 | Orc Burrow |
| 0:27 | Peon |
| 0:39 | War Mill |
| 0:48 | Peon |
| 1:07 | Barracks |
| 1:14 | Peon |
| 1:23 | Peon |
| 1:51 | Orc Burrow |
| 1:59 | Voodoo Lounge |
| 2:11 | Troll Headhunter |
| 2:28 | Troll Headhunter |
| 3:12 | Stronghold |
| 3:21 | Troll Headhunter |
| 3:48 | Troll Headhunter |
| 4:20 | Troll Headhunter |
| 4:24 | Orc Burrow |
| 4:38 | Endurance Aura |
| 4:39 | Troll Headhunter |
| 5:13 | Steel Ranged Weapons |
| 5:40 | Beastiary |
| 5:50 | Troll Regeneration |
| 6:06 | Orc Burrow |
| 6:08 | Steel Armor |
| 6:23 | Peon |
| 6:32 | War Stomp |
| 6:36 | Healing Salve |
| 6:36 | Lesser Clarity Potion |
| 6:36 | Scroll of Speed |
| 6:44 | Serpent Ward |
| 6:49 | Raider |
| 6:49 | Ensnare |
| 6:52 | Troll Headhunter |
| 7:37 | Fortress |
| 7:40 | Troll Headhunter |
| 7:58 | Potion of Lesser Invulnerability |
| 8:01 | Hex |
| 8:06 | Raider |
| 8:22 | War Stomp |
| 9:10 | Troll Headhunter |
| 9:31 | Raider |
| 9:32 | Troll Headhunter |
| 9:37 | Thorium Armor |
| 10:02 | Berserker Upgrade |
| 10:41 | Pillage |
| 12:08 | Troll Berserker |
| 12:22 | Troll Berserker |
| 12:43 | Healing Salve |
| 12:44 | Scroll of Speed |
| 12:44 | Lesser Clarity Potion |
| 12:45 | Potion of Healing |
| 12:45 | Potion of Mana |
| 13:16 | Great Hall |
| 13:20 | Potion of Lesser Invulnerability |
| 13:26 | Scroll of Healing |
| 13:27 | Scroll of Protection |
| 14:35 | Troll Berserker |
| 14:36 | Troll Berserker |
| 14:42 | Potion of Lesser Invulnerability |
| 14:42 | Scroll of Healing |
| 14:47 | Scroll of Protection |
| 15:03 | Thorium Ranged Weapons |
| 15:09 | Tauren Totem |
| 15:39 | Troll Batrider |
| 17:26 | Troll Berserker |
| 17:28 | Troll Batrider |
| 17:32 | Endurance Aura |
| 17:38 | Watch Tower |
| 17:53 | Healing Salve |
| 17:53 | Lesser Clarity Potion |
| 17:56 | Potion of Healing |
| 17:57 | Scroll of Town Portal |
| 17:58 | Orb of Lightning |
| 18:02 | Healing Salve |
| 18:03 | Scroll of Speed |
| 18:11 | Peon |
| 18:11 | Peon |
| 18:14 | Peon |
| 18:26 | Troll Berserker |
| 18:35 | Tauren |
| 19:15 | Troll Berserker |
| 19:17 | Troll Batrider |
| 19:27 | Lesser Clarity Potion |
| 19:32 | Healing Salve |
| 19:33 | Potion of Healing |
| 19:54 | Scroll of Town Portal |
| 20:25 | Scroll of Protection |
| 21:37 | Serpent Ward |
| Select group | 1680 |
| Right click | 1464 |
| Select | 555 |
| Misc. action | 164 |
| Build/train/purchase | 120 |
| Use ability | 60 |
| Assign group | 41 |
| Minimap ping | 21 |
| Item give/drop | 5 |
| Resource trade | 5 |
| Chat | 5 |
| Esc | 1 |


x1)
| Scroll of Regeneration | 1 | 100 |
| Potion of Healing | 1 | 150 |
| Scroll of Town Portal | 3 | 1050 |
| Scroll of Healing | 3 | 750 |
| Tome of Retraining | 1 | 300 |
| Potion of Lesser Invulnerability | 1 | 150 |
| total: | 10 | 2500g |
| Peasant | 16 | 1200 | / | 0 |
| Footman | 5 | 675 | / | 0 |
| Rifleman | 25 | 5125 | / | 750 |
| Priest | 8 | 1080 | / | 80 |
| Sorceress | 6 | 930 | / | 120 |
| Forest Troll Berserker | 1 | 245 | / | 30 |
| total: | 61 | 9255g | / | 980w |
| Scout Tower | 2 | 60 | / | 40 |
| Arcane Tower | 2 | 140 | / | 100 |
| Altar of Kings | 1 | 180 | / | 50 |
| Barracks | 1 | 160 | / | 60 |
| Farm | 8 | 640 | / | 160 |
| Arcane Vault | 1 | 130 | / | 30 |
| Blacksmith | 1 | 140 | / | 60 |
| Lumber Mill | 1 | 120 | / | 0 |
| Town Hall | 1 | 385 | / | 205 |
| Arcane Sanctum | 1 | 150 | / | 140 |
| Keep | 2 | 640 | / | 420 |
| Castle | 1 | 360 | / | 210 |
| total: | 17 | 1965g | / | 745w |
| 0:03 | Peasant |
| 0:03 | Peasant |
| 0:07 | Altar of Kings |
| 0:19 | Barracks |
| 0:21 | Farm |
| 0:25 | Peasant |
| 0:40 | Peasant |
| 0:42 | Farm |
| 0:51 | Peasant |
| 1:18 | Peasant |
| 1:22 | Footman |
| 1:27 | Peasant |
| 1:46 | Scout Tower |
| 1:47 | Footman |
| 1:48 | Peasant |
| 2:02 | Footman |
| 2:30 | Summon Water Elemental |
| 3:04 | Arcane Tower |
| 3:23 | Brilliance Aura |
| 3:30 | Farm |
| 3:37 | Farm |
| 3:56 | Keep |
| 4:12 | Forest Troll Berserker |
| 4:19 | Arcane Vault |
| 4:31 | Footman |
| 4:54 | Blacksmith |
| 4:56 | Footman |
| 5:11 | Arcane Tower |
| 5:13 | Lumber Mill |
| 6:17 | Rifleman |
| 6:21 | Arcane Sanctum |
| 6:26 | Farm |
| 7:07 | Rifleman |
| 7:09 | Priest |
| 7:10 | Sorceress |
| 7:24 | Storm Bolt |
| 7:44 | Rifleman |
| 7:58 | Rifleman |
| 8:31 | Sorceress |
| 8:31 | Sorceress |
| 8:44 | Rifleman |
| 8:44 | Rifleman |
| 9:28 | Long Rifles |
| 9:30 | Farm |
| 9:30 | Black Gunpowder |
| 9:47 | Town Hall |
| 10:03 | Scroll of Town Portal |
| 10:15 | Summon Water Elemental |
| 10:19 | Scroll of Healing |
| 10:20 | Scroll of Healing |
| 10:32 | Priest |
| 11:14 | Thunder Clap |
| 11:46 | Rifleman |
| 11:47 | Rifleman |
| 12:06 | Sorceress |
| 12:08 | Rifleman |
| 12:10 | Studded Leather Armor |
| 12:20 | Scroll of Town Portal |
| 13:07 | Rifleman |
| 13:07 | Rifleman |
| 13:14 | Priest |
| 13:14 | Sorceress |
| 13:16 | Refined Gunpowder |
| 13:22 | Scroll of Town Portal |
| 13:26 | Scroll of Regeneration |
| 13:29 | Potion of Healing |
| 14:07 | Rifleman |
| 14:07 | Rifleman |
| 14:32 | Peasant |
| 14:33 | Peasant |
| 14:33 | Peasant |
| 14:34 | Peasant |
| 14:54 | Tome of Retraining |
| 14:54 | Retrain Hero |
| 14:56 | Blizzard |
| 14:56 | Brilliance Aura |
| 15:27 | Scout Tower |
| 15:36 | Peasant |
| 15:36 | Peasant |
| 15:39 | Rifleman |
| 15:40 | Reinforced Leather Armor |
| 15:42 | Priest |
| 16:06 | Rifleman |
| 16:07 | Sorceress |
| 16:38 | Priest Adept Training |
| 17:15 | Rifleman |
| 17:15 | Rifleman |
| 17:25 | Rifleman |
| 17:25 | Rifleman |
| 17:33 | Storm Bolt |
| 18:09 | Priest |
| 18:09 | Priest |
| 18:46 | Rifleman |
| 19:21 | Rifleman |
| 19:37 | Farm |
| 19:38 | Farm |
| 19:41 | Castle |
| 19:45 | Improved Lumber Harvesting |
| 20:16 | Peasant |
| 20:16 | Peasant |
| 20:17 | Rifleman |
| 20:18 | Priest |
| 20:18 | Priest |
| 20:24 | Scroll of Healing |
| 20:25 | Potion of Lesser Invulnerability |
| 20:44 | Rifleman |
| 22:01 | Thunder Clap |
| 22:02 | Rifleman |
| 22:02 | Rifleman |
| Select group | 2554 |
| Right click | 1439 |
| Select | 709 |
| Build/train/purchase | 149 |
| Misc. action | 81 |
| Assign group | 72 |
| Use ability | 32 |
| Minimap ping | 12 |
| Remove unit | 7 |
| Item give/drop | 1 |
⇛